Cogmind - Beta 14 @@@ ROGUE MODE // 2024.12.31 @ 19:00:51 Player: jumpy Result: Destroyed by MR-HOY(R) with Subdweller Machine Gun Performance ------------- Evolutions (0) 0 Regions Visited (3) 600 Robots Destroyed (3) 15 Value Destroyed (81) 81 Prototype IDs (0) 0 Alien Tech Used (0) 0 Bonus (0) 0 TOTAL SCORE: 696 Bonus ------- None Cogmind --------- Core Integrity 0/250 Matter 290/300 Energy 166/200 System Corruption 0% Temperature Cool (0) Movement Core (150) Ox2 Location -10/Subcaves Parts ------- > --- POWER (1) -------- Subdweller Power Source > --- PROPULSION (2) --- (None) > --- UTILITY (2) ------ ECM Suite > --- WEAPON (2) ------- (None) > --- INVENTORY (5) ---- Scrap Shield Scrap Shield Mining Laser Peak State ------------ > --- POWER ------------ Light Ion Engine > --- PROPULSION ------- Aluminum Leg Aluminum Leg > --- UTILITY ---------- Small Storage Unit ECM Suite > --- WEAPON ----------- Small Laser Mining Laser > --- INVENTORY -------- Myomer Leg Scrap Shield Small Laser Light Assault Rifle [Rating: 8] Favorites ----------- Power Light Ion Engine Engine Light Ion Engine Propulsion Aluminum Leg Leg Aluminum Leg Utility Small Storage Unit Device ECM Suite Storage Small Storage Unit Weapon Small Laser Energy Gun Small Laser Ballistic Gun Light Assault Rifle Special Weapon Mining Laser Build | -11 -10 -10 -10 ------- Run | Yrd Mat Min Sub Slots Evolved . | . . . . Power . | . . . . Propulsion . | . . . . Utility . | . . . . Weapon . | . . . . Parts Attached 13 | 6 2 2 3 Power 3 | 1 . 1 1 Engine 3 | 1 . 1 1 Core . | . . . . Reactor . | . . . . Propulsion 2 | 2 . . . Treads . | . . . . Leg 2 | 2 . . . Wheel . | . . . . Hover . | . . . . Flight . | . . . . Utility 2 | 1 1 . . Device 1 | . 1 . . Storage 1 | 1 . . . Processor . | . . . . Hackware . | . . . . Protection . | . . . . Artifact . | . . . . Weapon 6 | 2 1 1 2 Energy Gun 3 | 1 1 . 1 Energy Cannon . | . . . . Ballistic Gun 2 | 1 . . 1 Ballistic Cannon . | . . . . Launcher . | . . . . Special Weapon 1 | . . 1 . Impact Weapon . | . . . . Slashing Weapon . | . . . . Piercing Weapon . | . . . . Special Melee Weapon . | . . . . Unidentified Prototypes . | . . . . Parts Lost 6 | . . . 6 Power 1 | . . . 1 Propulsion 2 | . . . 2 Utility 1 | . . . 1 Weapon 2 | . . . 2 Highest Loss Streak 6 | . . . 6 To Critical Strikes . | . . . . Average Slot Usage (%) 81 | . 89 100 66 Engine 11 | . 14 14 8 Leg 22 | . 28 28 16 Device 11 | . 3 14 14 Storage 11 | . 14 14 9 Energy Gun 17 | . 20 26 10 Ballistic Gun 2 | . 7 . . Special Weapon 3 | . . 2 7 Peak Build Rating 8 | 6 7 7 8 Average Rating 5 | 3 6 7 4 On Entrance 5 | . 6 7 7 Naked Turns . | . . . . Heaviest Build 12 | 10 12 12 12 Greatest Support 20 | 20 20 20 20 Greatest Overweight (x) 2 | . . . 2 Average Overweight (x) . | . . . . Largest Inventory Capacity 8 | 8 8 8 8 Average Capacity 7 | 5 8 8 7 Most Carried 7 | . 1 2 7 Average Carried 2 | . . 1 4 Final Capacity 8 | 8 8 8 5 Final Carried 5 | . 1 2 5 Class Distribution -------------------- 100% | Mutant Dominant Class ---------------- Mutant | -10/Materials Mutant | -10/Mines Mutant | -10/Subcaves Resources | -11 -10 -10 -10 ----------- Run | Yrd Mat Min Sub Matter Collected 306 | 187 94 15 10 Remotely . | . . . . Salvage Created 91 | . 50 18 23 Parts 9 | . 4 4 1 Haulers Intercepted . | . . . . Recyclers Shooed . | . . . . Parts Field Recycled . | . . . . Retrieved Matter . | . . . . Parts Self-Destructed 3 | . . . 3 Prevented . | . . . . Kills | -11 -10 -10 -10 ------- Run | Yrd Mat Min Sub Combat Hostiles Destroyed 2 | . 1 . 1 Guns 1 | . 1 . . Cannons 1 | . . . 1 Classes Destroyed 3 | . 1 1 1 Tunneler 1 | . . 1 . Grunt 1 | . 1 . . Subdweller 1 | . . . 1 Best Kill Streak 1 | . 1 1 1 Combat Bots Only 1 | . 1 . 1 Max Kills in Single Turn 1 | . 1 1 1 Gunslinging . | . . . . Exploded . | . . . . Melee . | . . . . Uniques/NPCs Destroyed . | . . . . Combat | -11 -10 -10 -10 -------- Run | Yrd Mat Min Sub Hostile Shots Fired 67 | . 18 . 49 Missed 27 | . 9 . 18 Damage Taken 847 | . 133 . 714 Core 260 | . 14 . 246 Absorbed by Shields . | . . . . Core Remaining (%) 100 | 100 . . . Volleys Fired 18 | . 11 3 4 Largest 2 | . 2 2 2 Hottest 100 | . 60 100 100 Shots Fired 33 | . 22 4 7 Gun 30 | . 22 2 6 Cannon . | . . . . Launcher . | . . . . Special 3 | . . 2 1 Kinetic 11 | . 11 . . Thermal 22 | . 11 4 7 Explosive . | . . . . Electromagnetic . | . . . . Robot Hit Streak 5 | . 5 1 4 Robot Miss Streak 2 | . 2 1 1 Penetration Max . | . . . . Secondary Targets . | . . . . Shots Hit Robots 24 | . 17 1 6 Core Hits 7 | . 4 1 2 Critical Kills . | . . . . Critical Parts Destroyed 1 | . 1 . . Critical Strikes 1 | . 1 . . Destroy 1 | . 1 . . Melee Attacks . | . . . . Impact . | . . . . Slashing . | . . . . Piercing . | . . . . Sneak Attacks . | . . . . Combat Hostiles . | . . . . Follow-up Attacks . | . . . . Damage Inflicted 249 | . 159 13 77 Guns 224 | . 159 12 53 Cannons . | . . . . Explosions . | . . . . Melee . | . . . . Ramming 1 | . . 1 . Kinetic 69 | . 69 . . Thermal 179 | . 90 12 77 Explosive . | . . . . Electromagnetic . | . . . . Impact . | . . . . Slashing . | . . . . Piercing . | . . . . Highest Corruption . | . . . . Average Corruption . | . . . . Corruption Purged . | . . . . Corruption Blocked . | . . . . Overload Shots . | . . . . Overflow Damage . | . . . . Projectiles . | . . . . Explosions . | . . . . Melee . | . . . . Knockbacks . | . . . . Impact . | . . . . Kinetic . | . . . . Secondary . | . . . . Self-Inflicted Damage . | . . . . Shots . | . . . . Rammed . | . . . . Targets Rammed 1 | . . 1 . Kicked 1 | . . 1 . Crushed . | . . . . Highest Temperature 244 | . 126 22 244 Average Temperature 62 | . 69 11 131 Received Heat Transfer 469 | . 75 . 394 Siege Activations . | . . . . Robots Corrupted . | . . . . Combat Hostiles . | . . . . Parts Fried . | . . . . Impact Corruptions . | . . . . Robots Melted . | . . . . Combat Hostiles . | . . . . Parts Melted . | . . . . Heat Transferred 400 | . 200 25 175 Parts Sabotaged . | . . . . Parts Stolen . | . . . . Parts Stripped . | . . . . Power Chain Reactions . | . . . . Alert | -11 -10 -10 -10 ------- Run | Yrd Mat Min Sub Peak Influence 35 | . 35 18 . Initial 13 | . . 13 . Average 13 | . 19 14 . Maximum Alert Level . | . . . . Low Security (%) 100 | 100 100 100 . Level 1 . | . . . . Level 2 . | . . . . Level 3 . | . . . . Level 4 . | . . . . Level 5 . | . . . . High Security . | . . . . Max Security . | . . . . Squads Dispatched 1 | . 1 . . Investigation . | . . . . Extermination . | . . . . Reinforcement 1 | . 1 . . Assault . | . . . . Garrison . | . . . . Intercept . | . . . . Searches Triggered . | . . . . Construction Impeded . | . . . . Haulers Reinforced . | . . . . Active Scanning Responses . | . . . . Cargo Convoy Interrupts . | . . . . Stealth | -11 -10 -10 -10 --------- Run | Yrd Mat Min Sub Distress Signals . | . . . . Communications Jammed . | . . . . Distress Signals . | . . . . Times Spotted 18 | . 5 . 13 Peak Tracking Total 6 | . 2 . 6 Tactical Retreats 4 | . 1 . 3 Traps | -11 -10 -10 -10 ------- Run | Yrd Mat Min Sub Traps Triggered . | . . . . Indirectly . | . . . . Trap Hack Attempts . | . . . . Triggered . | . . . . Disarmed . | . . . . Reprogrammed . | . . . . Reused . | . . . . Traps Extracted . | . . . . Installed . | . . . . Triggered . | . . . . Machines | -11 -10 -10 -10 ---------- Run | Yrd Mat Min Sub Machines Disabled . | . . . . Max in Single Turn . | . . . . Machines Repaired . | . . . . Machines Dismantled . | . . . . Machines Sabotaged . | . . . . Overloaded Fab Kills . | . . . . Hacking | -11 -10 -10 -10 --------- Run | Yrd Mat Min Sub Machines Accessed 1 | . 1 . . Terminals 1 | . 1 . . Fabricators . | . . . . Repair Stations . | . . . . Recycling Units . | . . . . Scanalyzers . | . . . . Garrison Access . | . . . . Total Hacks 2 | . 2 . . Successful 1 | . 1 . . Failed 1 | . 1 . . Catastrophic . | . . . . Database Lockouts . | . . . . Manual . | . . . . Terminals 2 | . 2 . . Fabricators . | . . . . Repair Stations . | . . . . Recycling Units . | . . . . Scanalyzers . | . . . . Garrison Access . | . . . . Terminal Hacks 1 | . 1 . . Emergency Access Points 1 | . 1 . . Fabricator Hacks . | . . . . Repair Station Hacks . | . . . . Recycling Unit Hacks . | . . . . Scanalyzer . | . . . . Garrison Access Hacks . | . . . . Unauthorized Hacks . | . . . . Terminals . | . . . . Fabricators . | . . . . Repair Stations . | . . . . Recycling Units . | . . . . Scanalyzers . | . . . . Garrison Access . | . . . . Data Cores Recovered . | . . . . Used . | . . . . Hacking Detections . | . . . . Full Trace Events . | . . . . Feedback Events . | . . . . Feedback Blocked . | . . . . Robot Schematics Acquired . | . . . . Robots Built . | . . . . Authchips . | . . . . Time . | . . . . Total Robot Build Rating . | . . . . Part Schematics Acquired . | . . . . Parts Built . | . . . . Authchips . | . . . . Time . | . . . . Total Part Build Rating . | . . . . Parts Repaired . | . . . . Time . | . . . . Parts Recycled . | . . . . Recycled Matter . | . . . . Retrieved Matter . | . . . . Retrieved Components . | . . . . Parts Scanalyzed . | . . . . Part Schematics Acquired . | . . . . Parts Damaged . | . . . . Bothacking | -11 -10 -10 -10 ------------ Run | Yrd Mat Min Sub Used RIF Installer . | . . . . Robots Hacked . | . . . . Non-combat . | . . . . Combat . | . . . . Robot Hacks Applied . | . . . . Relay Couplers Released . | . . . . Fabnet Peak Effective % . | . . . . Robots Rewired . | . . . . Allies Hacked . | . . . . Hacks Repelled . | . . . . Allies | -11 -10 -10 -10 -------- Run | Yrd Mat Min Sub Total Allies . | . . . . Largest Group . | . . . . Highest-Rated Group . | . . . . Highest-Rated Ally . | . . . . Total Orders . | . . . . Ally Attacks . | . . . . Total Damage . | . . . . Kills . | . . . . Allies Corrupted . | . . . . Allies Melted . | . . . . Intel | -11 -10 -10 -10 ------- Run | Yrd Mat Min Sub Robot Analysis Total . | . . . . Derelict Logs Recovered 1 | . . 1 . Drone Launches . | . . . . Drone Recoveries . | . . . . Exploration | -11 -10 -10 -10 ------------- Run | Yrd Mat Min Sub Turns Passed 626 | 73 146 140 267 Spaces Moved 527 | 63 93 76 295 Core 184 | 15 . . 169 Treads . | . . . . Legs 343 | 48 93 76 126 Wheels . | . . . . Hover . | . . . . Flight . | . . . . Fastest Speed 50 | 50 120 120 50 Average Speed 97 | 103 120 120 83 Slowest Speed 190 | 120 120 120 190 Overloaded Moves . | . . . . Propulsion Burnouts . | . . . . Robots Hopped . | . . . . Cave-ins Triggered . | . . . . Exploration Rate (%) 18 | 3 20 22 28 Regions Visited 3 Branch Regions 2 Pre-discovered Areas 1 | . . . 1 Known Exits Taken 1 | . . 1 . Unknown Exits Taken 2 | 1 1 . . Scrap Searched . | . . . . Spaces Dug . | . . . . Terrain Destroyed . | . . . . Melee . | . . . . Projectile . | . . . . AOE . | . . . . Terrain Rammed . | . . . . Walls Destroyed . | . . . . Machines Disabled . | . . . . Actions | -11 -10 -10 -10 --------- Run | Yrd Mat Min Sub Total 595 | 68 106 116 305 Wait 32 | . . 32 . Move 524 | 62 92 75 295 Hop . | . . . . Pick Up 6 | . 1 2 3 Fast Attach 8 | 6 1 . 1 Attach . | . . . . Detach . | . . . . Swap 5 | . 1 2 2 Drop 1 | . . 1 . Fire 18 | . 11 3 4 Melee . | . . . . Ram . | . . . . Kick 1 | . . 1 . Crush . | . . . . Escape Stasis . | . . . . Rewire . | . . . . Trap . | . . . . Miscellaneous . | . . . . Route ------- -11/Scrapyard -10/Materials -10/Mines -10/Subcaves History --------- Turn | Location | Event 3 | -11/Scrapyard | Discovered new exit (range 15) 74 | -11/Scrapyard | Entered Materials 208 | -10/Materials | Discovered new exit (range 10) 220 | -10/Materials | Entered Mines 240 | -10/Mines | Identified exit to Subcaves 317 | -10/Mines | Build established: Mutant 360 | -10/Mines | Entered Subcaves 492 | -10/Subcaves | Ambushed by swarm of Subdwellers 495 | -10/Subcaves | Ambushed by Subdweller buried in earth 507 | -10/Subcaves | Core integrity fell below 50% 536 | -10/Subcaves | Core integrity fell below 20% 571 | -10/Subcaves | Lost 6 parts (1p2n1u2w) 581 | -10/Subcaves | Learned location of Zion (-7) 581 | -10/Subcaves | Met a Zionite searching for "candidates" 627 | -10/Subcaves | Destroyed by MR-HOY(R) with Subdweller Machine Gun Last Messages --------------- 00496_ OI-8P5(R): "SLEEPOVER!" 00498_ B9-S8C(R) destroyed. 00503_ OI-8P5(R) destroyed. 00504_ ZQ-0P6(R) emerges from the Twisted Machinery. 00512_ NV-YG6(R) affixes Scrap Shield Fragment to Scrap Shield. 00513_ Lgt. Ion Engine destroyed. 00517_ Sml. Laser destroyed. 9X-FZQ(R) emerges from concealment. 00533_ Aluminum Leg destroyed. 00539_ Sml. Laser destroyed. 00540_ Sml. Storage Unit destroyed. 00540_ Critical hit (Meltdown: +280). 00578_ 3T-0RX(z): "She is not going to be happy we haven't found any suitable candidates yet." 00581_ 3T-0RX(z): "Hey you! It's really dangerous down here, I feel that you could die at any moment. For your health and safety might I suggest a trip to Zion?" World map updated: -7/Zion. 00591_ QU-YVJ(O) collects matter. 00621_ Acquired Sub. Power Source. Map ----- +----------------------------------------------------+ | ???????????????????????## ##????????????????? | | ???????????????????????## ##?????????????????? | | ???????????????????????# ####????????????????? | | ???????????????????????## ### #???####?????????? | | ????????????????????????# #??# #?????????? | | ????????????????????????## ##?# #??????????? | | ?????????????????????????# ### ## #???????????? | | ?????????????????????????# ### #???????????? | | ?????????????????????????#### #####???????? | | ??????????????????????????## #???????? | | ?????????????????????????## #???????? | | ?????????????????????????# #??????? | | ????????????????????????## #### #????? | | ???????????????????????## #??# #????? | | ???????????????????????# #?# #### #????? | | ???????????????????????# #? R #????##?????? | | ???????????????????##### #? ##???????????? | | ??????????????????## ## ##???????????? | | ??????????????????# R #???????????? | | ??????????????????# ### """ ???????????? | | ??????????????????##???## ## " "" ??????????? | | ??????????????????????### ##?? ""#??????????? | | ??????????????????????# ##" "#???????????? | | ?????????? ### #### !% " #???????????? | | ?????????? "" ????????? | | ?????????? @ ##### " ???????? | | ?????????? ####????## "" ???????? | | ?????????? ##?????????? ""#""????????? | | ??????????? #????????????? ###??????????? | | ??????????? #####???????????????#????????????? | | ???????????? ???????????????????????????????????? | | ?????????????????????????????????????????????????? | | ?????????????????????????????????????????????????? | | ?????????????????????????????????????????????????? | | ?????????????????????????????????????????????????? | | ?????????????????????????????????????????????????? | | ?????????????????????????????????????????????????? | | ?????????????????????????????????????????????????? | | ?????????????????????????????????????????????????? | | ?????????????????????????????????????????????????? | | ?????????????????????????????????????????????????? | | ?????????????????????????????????????????????????? | | ?????????????????????????????????????????????????? | | ?????????????????????????????????????????????????? | | ?????????????????????????????????????????????????? | | ?????????????????????????????????????????????????? | | ?????????????????????????????????????????????????? | | ?????????????????????????????????????????????????? | | ?????????????????????????????????????????????????? | | ?????????????????????????????????????????????????? | +----------------------------------------------------+ Best States ------------- Heat Dissipation 25 Energy Generation 10 Energy Capacity 125 Matter Stores 300 Matter Capacity 300 Sight Range 16 Terrain Scan Density 10 ECM Strength 1 Evasion (%) 55 Item Schematics ----------------- None Robot Schematics ------------------ None Fabricated ------------ Nothing Alien Tech Used ----------------- None Achievements -------------- None Challenges ------------ None Game ------ Seed EnhancedTimingPurifier Manual? 0 Play Time 00:09:35 Cumulative 5.3 hours Start 2024.12.31 @ 18:52:52 End 2024.12.31 @ 19:00:51 Sessions 1 Manual Loads 0 Difficulty Rogue Special Mode None Game No. 15 Rogue 15 Adventurer 0 Explorer 0 Win Type - Total 0 Types 0/0/0/0/0/0/0/0/0 Lore% 2 Gallery% 12 Achievement% 12 Wizard Run 0 Options --------- Layout 0 ASCII 0 Keyboard 0 Movement Numpad Keybinds 0 Fullscreen 2 Font 18/Terminus Map View 76x50 Zoom Use 0% Tactical HUD 1 Map Filters NONE Filters NONE Steam 1 RUN: 702e6343-7f62-45c0-9741-9584b129309f